 Dungeon Crawl Stone Soup version 0.20-b1-2-gc5a9893 (webtiles) character file.

71711 galech the Brawler (level 14, -3/131 HPs)
             Began as a Troll Monk on May 22, 2017.
             Was the Champion of Okawaru.
             Slain by a death yak (4 damage)
             ... on level 6 of the Lair of Beasts.
             The game lasted 01:00:01 (20099 turns).

galech the Brawler (Troll Monk)                    Turns: 20099, Time: 01:00:02

Health: -3/131     AC: 10    Str: 26    XL:     14   Next: 98%
Magic:  12/14      EV: 17    Int:  6    God:    Okawaru [******]
Gold:   1537       SH: 21    Dex: 12    Spells: 13/13 levels left

rFire    + + .     SeeInvis .     - Unarmed
rCold    + + .     Gourm    +   M - +1 large shield {reflect}
rNeg     . . .     Faith    +   Y - +2 robe {rC+ rF+}
rPois    .         Spirit   .   T - +0 hat
rElec    .         Reflect  +   x - +2 cloak {MR+}
rCorr    .         Harm     .   (gloves unavailable)
MR       ++...                  (boots unavailable)
Stlth    ++++......             r - amulet of faith
Regen    0.8/turn               g - ring of protection from cold
MPRegen  0.2/turn               n - ring of protection from fire

@: about to teleport, heroism
A: unfitting armour, claws 3, fast metabolism 3, gourmand, regeneration 1,
shaggy fur 1, tough skin 2
a: Heroism, Finesse, Renounce Religion


You were on level 6 of the Lair of Beasts.
You worshipped Okawaru.
Okawaru was exalted by your worship.
You were completely stuffed.

You visited 4 branches of the dungeon, and saw 21 of its levels.
You also visited: Ice Cave.

You collected 2250 gold pieces.
You spent 713 gold pieces at shops.

Inventory:

Armour
 s - a +0 robe of positive energy
 x - a +2 cloak of magic resistance (worn)
 M - a +1 large shield of reflection (worn)
 T - a +0 hat (worn)
 U - the scarf of Inference {rCorr}
   (Okawaru gifted it to you on level 3 of the Lair of Beasts)

   It protects you from acid and corrosion.
 V - +0 steam dragon scales
 X - a +2 robe of magic resistance
 Y - a +2 robe of resistance (worn)
 Z - the +3 robe of Laadifem {rElec Str+4}
   (You bought it in a shop on level 1 of the Orcish Mines)

   It affects your strength (+4).
   It insulates you from electricity.
Jewellery
 e - an uncursed amulet of rage {unknown}
 g - a ring of protection from cold (left claw)
 n - a ring of protection from fire (right claw)
 r - an amulet of faith (around neck)
 v - a +3 ring of intelligence
 Q - an uncursed ring of stealth
Wands
 c - a wand of iceblast (8/15)
 h - a wand of digging (12/24)
Scrolls
 d - 5 scrolls of remove curse
 k - 2 scrolls of enchant armour
 o - 5 scrolls of fog
 t - 6 scrolls of fear
 y - 2 scrolls of amnesia
 A - 9 scrolls of teleportation
 E - 2 scrolls of recharging
 F - a scroll of brand weapon
 K - 3 scrolls of enchant weapon
 N - 3 scrolls of magic mapping
 P - a scroll of holy word
 W - a scroll of immolation {unknown}
Potions
 i - 6 potions of curing {unknown}
 j - a potion of mutation
 l - a potion of invisibility
 m - 3 potions of magic
 u - a potion of heal wounds
 z - 2 potions of ambrosia
 B - 2 potions of might
 C - 3 potions of haste
 H - 3 potions of flight
 I - a potion of agility
Comestibles
 a - 7 chunks of flesh
 b - 9 bread rations
 f - 8 meat rations
 J - 14 royal jellies
 O - 39 fruits


   Skills:
 + Level 6.4(11.4) Fighting
 + Level 1.2(6.2) Armour
 + Level 10.1(15.1) Dodging
 + Level 5.0(10.0) Stealth
 + Level 8.5(13.5) Shields
 + Level 18.3(23.3) Unarmed Combat
 + Level 2.6 Invocations


You had 13 spell levels left.
You didn't know any spells.

Dungeon Overview and Level Annotations

Branches:
Dungeon (12/15)            Temple (1/1) D:7            Lair (6/6) D:10
  Swamp (0/4) Lair:2       Spider (0/4) Lair:2          Orc (2/2) D:10
    Elf (0/3) Orc:2
  Slime: Lair:5-6

Altars:
Ashenzari
Cheibriados
Dithmenos
Elyvilon
Fedhas
Gozag
Hepliaklqana
Kikubaaqudgha
Makhleb
Nemelex Xobeh
Okawaru
Qazlal
Ru
Sif Muna
Trog
Uskayaw
Vehumet
Xom
Yredelemnul
Zin
The Shining One

Shops:
D:7 =   D:8 :   D:10 !   Orc:1 [   Orc:2 (:*?!

Portals:
Pandemonium: Orc:2


Innate Abilities, Weirdness & Mutations

You are too large for most types of armour.
You have claws for hands.
Your metabolism is lightning-fast.
You like to eat raw meat.
Your natural rate of healing is unusually fast.
You are covered in fur. (AC +1)
You have very tough skin. (AC +2)


Message History

The elephant is heavily wounded.
You block the death yak's attack. You block the elephant's attack. x2
You mangle the elephant!!
The elephant is almost dead.
The death yak gores you!!
* * * LOW HITPOINT WARNING * * *
You gain the combat prowess of a mighty hero.
You block the elephant's attack. The elephant closely misses you.
The death yak gores you.
* * * LOW HITPOINT WARNING * * *
You eviscerate the elephant!!!
You kill the elephant!
Okawaru accepts your kill. The death yak gores you!
* * * LOW HITPOINT WARNING * * *
As you read the scroll of teleportation, it crumbles to dust.
You feel strangely unstable. The death yak gores you!
* * * LOW HITPOINT WARNING * * *
The death yak gores you.
You die...

#### ##.%## ### # ###
###@P..########P####
#..#######.#YY.###.#.P...#.#.
...........lY................
.............................
...................).........
P..#..#...P........PP..#.....
.............................
.............................
......###.##.....###.###.....


You could see 2 death yaks, an elephant and a komodo dragon.

Vanquished Creatures
  2 orc warlords
  Snorg (Lair:3)
  Erolcha (D:9)
  2 hydras
  9 death yaks
  Erica (D:9)
  8 two-headed ogres
  Urug (Lair:5)
  5 orc high priests (Orc:2)
  Nergalle (Orc:1)
  A sixfirhy (Orc:2)
  An unseen horror (D:12)
  A gelid demonspawn (Orc:2)
  2 infernal demonspawn (Orc:2)
  A necromancer (IceCv)
  4 orc knights (Orc:2)
  2 oklob plants
  2 cyclopes
  An ugly thing (D:12)
  8 orc sorcerers (Orc:2)
  A deep elf mage (D:7)
  9 elephants
  A gargoyle (D:11)
  A rust devil (Orc:2)
  An ice statue (IceCv)
  7 black mambas
  A smoke demon (Orc:2)
  2 centaur skeletons
  8 spiny frogs
  3 komodo dragons
  10 freezing wraiths (IceCv)
  2 ice devils (Orc:2)
  8 trolls
  A polar bear (Lair:4)
  3 hornets
  A hippogriff (D:11)
  18 blink frogs
  Grinder (D:6)
  A shadow (D:11)
  2 wyverns (D:11)
  24 yaks
  A ynoxinul (Orc:2)
  A death yak simulacrum (IceCv)
  6 wargs
  Edmund (D:6)
  8 water moccasins
  5 porcupines
  40 orc warriors
  A swamp drake (Lair:2)
  15 ice beasts
  2 black bears
  15 ogres
  A necrophage (D:9)
  23 wolves
  6 centaurs
  11 crocodiles
  A big kobold (D:11)
  The ghost of juanjsm the Sneak, an amateur SpEn (D:4)
  15 bullfrogs
  A wyvern zombie (D:11)
  A wyvern skeleton (D:10)
  4 scorpions
  8 killer bees
  An elephant simulacrum (IceCv)
  A swamp dragon simulacrum (IceCv)
  8 wights
  An electric eel (Lair:3)
  A howler monkey (D:4)
  8 crimson imps
  A bullfrog skeleton (D:11)
  A bullfrog zombie (D:8)
  A centaur zombie (D:10)
  A draconian simulacrum (IceCv)
  4 hounds
  5 jellies
  Crazy Yiuf (D:3)
  25 orc priests
  16 orc wizards
  5 iguanas
  Terence (D:3)
  2 spriggan simulacra (IceCv)
  5 troll simulacra (IceCv)
  14 worker ants
  A polar bear simulacrum (IceCv)
  3 centaur simulacra (IceCv)
  A hound zombie (D:5)
  3 hound skeletons
  Robin (D:2)
  21 adders
  13 gnolls
  5 naga simulacra (IceCv)
  4 ogre simulacra (IceCv)
  2 shadow imps
  12 white imps (IceCv)
  2 worms (D:2)
  2 dart slugs (D:1)
  5 leopard geckos
  94 orcs
  6 giant cockroaches
  16 goblins
  19 hobgoblins
  9 jackals
  10 quokkas
  2 ball pythons
  5 bats
  4 frilled lizards
  16 kobolds
  9 rats
  A bush (Lair:2)
  3 plants
697 creatures vanquished.

Vanquished Creatures (others)
  A bush (Lair:5)
  5 fungi
  6 plants
12 creatures vanquished.

Grand Total: 709 creatures vanquished

Notes
Turn   | Place    | Note
-------+----------+-------------------------------------------
     0 | D:1      | galech the Troll Monk began the quest for the Orb.
     0 | D:1      | Reached XP level 1. HP: 22/22 MP: 0/0
    80 | D:1      | Found a glowing golden altar of the Shining One.
   158 | D:1      | Reached XP level 2. HP: 27/29 MP: 1/1
   417 | D:1      | Reached XP level 3. HP: 35/36 MP: 2/2
  1091 | D:2      | Reached XP level 4. HP: 44/44 MP: 3/3
  1109 | D:2      | Reached skill level 4 in Unarmed Combat
  1122 | D:2      | Noticed Robin
  1130 | D:2      | Killed Robin
  1455 | D:2      | Found a burning altar of Makhleb.
  1502 | D:3      | Found a hide-covered altar of Uskayaw.
  1502 | D:3      | Found a hazy altar of Hepliaklqana.
  1502 | D:3      | Found a bloodstained altar of Trog.
  1502 | D:3      | Found an ancient bone altar of Kikubaaqudgha.
  1576 | D:3      | Reached XP level 5. HP: 42/52 MP: 4/4
  1718 | D:3      | Found a sparkling altar of Nemelex Xobeh.
  1757 | D:3      | Noticed Terence
  1770 | D:3      | Killed Terence
  2064 | D:3      | Reached skill level 5 in Unarmed Combat
  2064 | D:3      | Reached XP level 6. HP: 52/59 MP: 5/5
  2398 | D:3      | Found a runed door.
  2402 | D:3      | Noticed Crazy Yiuf
  2405 | D:3      | Killed Crazy Yiuf
  2565 | D:4      | Reached XP level 7. HP: 65/67 MP: 6/6
  2570 | D:4      | Reached skill level 6 in Unarmed Combat
  2767 | D:4      | Noticed juanjsm's ghost (amateur SpEn)
  2803 | D:4      | Killed juanjsm's ghost
  3159 | D:5      | Entered Level 5 of the Dungeon
  3249 | D:5      | Reached skill level 7 in Unarmed Combat
  3259 | D:5      | Found an opulent altar of Gozag.
  3359 | D:5      | Reached XP level 8. HP: 70/75 MP: 7/7
  3453 | D:5      | Reached skill level 8 in Unarmed Combat
  3930 | D:6      | Noticed Grinder
  3944 | D:6      | Killed Grinder
  3944 | D:6      | Reached skill level 9 in Unarmed Combat
  4039 | D:6      | Noticed Edmund
  4046 | D:6      | Killed Edmund
  4046 | D:6      | Reached skill level 5 in Dodging
  4298 | D:6      | Found a bloodstained altar of Trog.
  4850 | D:6      | Reached XP level 9. HP: 83/84 MP: 8/8
  5072 | D:7      | Reached skill level 10 in Unarmed Combat
  5150 | D:7      | Found a shimmering altar of Xom.
  5151 | D:7      | Found a shimmering altar of Xom.
  5153 | D:7      | Found a shimmering altar of Xom.
  5153 | D:7      | Found a shimmering altar of Xom.
  5158 | D:7      | Found a shimmering altar of Xom.
  5159 | D:7      | Noticed a deep elf mage
  5165 | D:7      | Killed a deep elf mage
  5225 | D:7      | Noticed a sea snake
  5247 | D:7      | Noticed an elephant
  5308 | D:7      | Found a staircase to the Ecumenical Temple.
  5319 | Temple   | Entered the Ecumenical Temple
  5705 | D:7      | Noticed an ettin
  5820 | D:7      | Found Dosot's Jewellery Boutique.
  6009 | D:7      | Found an iron altar of Okawaru.
  6012 | D:7      | Became a worshipper of Warmaster Okawaru
  6012 | D:7      | Reached * piety under Okawaru
  6012 | D:7      | Reached ** piety under Okawaru
  6054 | D:7      | Found a blossoming altar of Fedhas.
  6286 | D:8      | Reached skill level 11 in Unarmed Combat
  6448 | D:8      | Paralysed by a hornet for 3 turns
  6568 | D:8      | Found Jotanol's Book Emporium.
  6994 | D:8      | Reached XP level 10. HP: 93/93 MP: 9/9
  7193 | D:9      | Reached *** piety under Okawaru
  7414 | D:9      | Reached skill level 12 in Unarmed Combat
  7535 | D:9      | Noticed a two-headed ogre
  7548 | D:9      | Killed a two-headed ogre
  7548 | D:9      | Reached **** piety under Okawaru
  7721 | D:9      | Noticed Erica
  7731 | D:9      | Killed Erica
  7731 | D:9      | Reached ***** piety under Okawaru
  7784 | D:9      | Noticed a two-headed ogre
  7794 | D:9      | Killed a two-headed ogre
  7794 | D:9      | Received a gift from Okawaru
  7794 | D:9      | Reached skill level 13 in Unarmed Combat
  7794 | D:9      | Reached skill level 1 in Invocations
  7886 | D:9      | Found a bloodstained altar of Trog.
  7905 | D:9      | Noticed Erolcha
  7910 | D:9      | Killed Erolcha
  7910 | D:9      | Reached XP level 11. HP: 91/100 MP: 7/10
  8110 | D:10     | Entered Level 10 of the Dungeon
  8293 | D:10     | Found a staircase to the Orcish Mines.
  8431 | D:10     | Reached skill level 1 in Armour
  8512 | D:10     | Found Kotruone's Distillery.
  8668 | D:10     | Found a staircase to the Lair.
  8730 | Orc:1    | Entered Level 1 of the Orcish Mines
  8730 | Orc:1    | Noticed Nergalle
  8828 | Orc:1    | Killed Nergalle
  8828 | Orc:1    | Reached skill level 1 in Shields
  9177 | Orc:1    | Reached skill level 5 in Fighting
  9240 | Orc:1    | Found Bana's Armour Emporium.
  9244 | Orc:1    | Bought the +3 robe of Laadifem {rElec Str+4} for 571 gold pieces
  9420 | Orc:1    | Reached skill level 14 in Unarmed Combat
  9466 | Orc:1    | Noticed an orc sorcerer
  9468 | Orc:1    | Noticed a two-headed ogre
  9473 | Orc:1    | Noticed an orc warlord
  9574 | Orc:2    | Entered Level 2 of the Orcish Mines
  9657 | Orc:1    | Killed a two-headed ogre
  9861 | Orc:1    | Killed an orc warlord
 10102 | Orc:2    | Reached XP level 12. HP: 111/111 MP: 12/12
 10208 | Orc:2    | Found a staircase to the Elven Halls.
 10262 | Orc:2    | Noticed an orc high priest
 10421 | Orc:2    | Killed an orc high priest
 10786 | Orc:2    | Found Coynk's General Store.
 10812 | Orc:2    | Received a gift from Okawaru
 10911 | Orc:2    | Found Affisme's Magic Scroll Emporium.
 10945 | Orc:2    | Reached skill level 15 in Unarmed Combat
 11112 | Orc:2    | Bought a scroll of identify for 22 gold pieces
 11112 | Orc:2    | Bought a scroll of magic mapping for 38 gold pieces
 11112 | Orc:2    | Bought a scroll of enchant armour for 82 gold pieces
 11159 | Orc:2    | Noticed an orc high priest
 11168 | Orc:2    | Killed an orc high priest
 11168 | Orc:2    | Reached ****** piety under Okawaru
 11264 | Orc:2    | Reached skill level 5 in Shields
 11265 | Orc:2    | Noticed an orc high priest
 11278 | Orc:2    | Killed an orc high priest
 11320 | Orc:2    | Received a gift from Okawaru
 11494 | Orc:2    | Noticed an orc high priest
 11588 | Orc:2    | Reached skill level 16 in Unarmed Combat
 11588 | Orc:2    | Reached XP level 13. HP: 119/119 MP: 11/13
 11596 | Orc:2    | Found Etoefig's Book Boutique.
 11596 | Orc:2    | Found a one-way gate leading to the halls of Pandemonium.
 11596 | Orc:2    | Found Xeawnebb's Antique Weapon Shop.
 11597 | Orc:2    | Paralysed by an orc sorcerer for 3 turns
 11776 | Orc:2    | Found Touqoff's Distillery.
 11802 | Orc:2    | Noticed an orc warlord
 11826 | Orc:2    | Killed an orc warlord
 12727 | D:12     | Received a gift from Okawaru
 13594 | D:12     | Received a gift from Okawaru
 13947 | Lair:1   | Entered Level 1 of the Lair of Beasts
 14243 | Lair:1   | Reached skill level 17 in Unarmed Combat
 14245 | Lair:1   | Identified a scroll of acquirement
 14790 | Lair:2   | Found a hole to the Spider Nest.
 14986 | Lair:2   | Found a staircase to the Swamp.
 15160 | Lair:2   | Reached XP level 14. HP: 24/130 MP: 14/14
 15795 | Lair:2   | Received a gift from Okawaru
 16066 | Lair:3   | Noticed Snorg
 16078 | Lair:3   | Killed Snorg
 16235 | Lair:3   | Found a white marble altar of Elyvilon.
 16776 | Lair:3   | Received a gift from Okawaru
 16780 | Lair:3   | Got a smoking scarf {god gift}
 16794 | Lair:3   | Identified the scarf of Inference {rCorr} (Okawaru gifted it to you on level 3 of the Lair of Beasts)
 17781 | Lair:5   | Found a frozen archway.
 17813 | IceCv    | Entered an ice cave
 18199 | IceCv    | Found an ancient bone altar of Kikubaaqudgha.
 18533 | IceCv    | Received a gift from Okawaru
 18723 | Lair:5   | Reached skill level 18 in Unarmed Combat
 18834 | Lair:5   | Reached skill level 5 in Stealth
 19090 | Lair:5   | Noticed Urug
 19099 | Lair:5   | Killed Urug
 19860 | Lair:6   | Entered Level 6 of the Lair of Beasts
 19940 | Lair:6   | Reached skill level 10 in Dodging
 20099 | Lair:6   | HP: 1/131 [death yak (15)]
 20099 | Lair:6   | Slain by a death yak

Skill      XL: |  1  2  3  4  5  6  7  8  9 10 11 12 13 14 |
---------------+-------------------------------------------+-----
Dodging        | 3 4 5 6 7 8 9 10 | 10.1
Unarmed Combat | 4 5 7 9 11 13 14 16 17 18 | 18.3
Fighting       | 3 4 5 6 |  6.4
Stealth        | 2 3 4 5 |  5.0
Invocations    | 1 2 |  2.6
Armour         | 1 |  1.2
Shields        | 3 5 7 8 |  8.5

Action                   |  1- 3 |  4- 6 |  7- 9 | 10-12 | 13-15 || total
-------------------------+-------+-------+-------+-------+-------++-------
Melee: Unarmed           |   117 |   179 |   320 |   587 |   977 ||  2180
       Punch             |     2 |       |    15 |     4 |       ||    21
Invok: Heroism           |       |       |     1 |    12 |     8 ||    21
       Finesse           |       |       |       |     1 |       ||     1
  Use: Potion            |       |     1 |     2 |     3 |     2 ||     8
       Scroll            |       |       |     8 |    11 |    13 ||    32
 Stab: Sleeping          |     6 |     4 |       |     8 |    16 ||    34
       Distracted        |       |       |     1 |       |     3 ||     4
  Eat: Chunk             |    16 |    13 |    40 |    43 |    73 ||   185
       Bread ration      |       |       |       |       |     1 ||     1
Armor: Robe              |    49 |    42 |    67 |    70 |   154 ||   382
       Skin              |       |     6 |       |       |       ||     6
       Troll leather arm |       |       |       |    12 |       ||    12
Dodge: Dodged            |    44 |    85 |   170 |   149 |   288 ||   736
Block: Large shield      |       |       |       |   314 |   821 ||  1135
       Reflection        |       |       |       |    13 |    21 ||    34
